AoeStats
← Alvinangus

MegaRandom

510502845Analyzed
2v2 RM · 18h ago on Oct 1, 2026· 37m 23s· 4 players
Game mode
Random Map
Map size
Medium (4 player)
Population
200
Speed
Normal
Resources
Standard
Victory
Conquest
Starting age
Dark Age
Ending age
Imperial Age
RankedLock teamsTeams togetherTeam positionsShared explorationLock speedFull tech treeHidden civsTurbo modeCheats
Victory
Defeat
🇩🇪 Huns · Germany
1254
+15
🇪🇸 Persians · Spain
1214
+16
🇧🇷 Japanese · Brazil
1240
-16
🇺🇦 Sicilians · Ukraine
1205
-15
Guybrush
9:11 Loom
11:26 Feudal Age
11:59 Double-Bit Axe
13:01 Town Watch
14:53 Wheelbarrow
19:01 Castle Age
18:19 Bloodlines
18:34 Fletching
26:05 Stone Mining
27:19 Horse Collar
29:13 Fishing Lines
30:02 Heavy Plow
30:36 Bow Saw
33:08 Forging
33:08 Gold Mining
33:42 Husbandry
34:00 Gillnets
39:19 Imperial Age
37:12 Scale Barding Armor
37:59 Iron Casting
38:20 Gold Shaft Mining
Han.
8:51 Loom
11:44 Feudal Age
19:43 Castle Age
17:32 Double-Bit Axe
17:38 Gold Mining
18:10 Fletching
18:21 Padded Archer Armor
18:16 Horse Collar
20:29 Bodkin Arrow
20:47 Thumb Ring
21:10 Leather Archer Armor
23:55 Bloodlines
24:34 Ballistics
25:03 Gold Shaft Mining
24:18 Horse Collar
26:28 Husbandry
30:46 Bow Saw
32:58 Wheelbarrow
35:54 Hand Cart
35:24 Town Watch
37:37 Heavy Plow
Alvinangus
7:47 Loom
10:21 Feudal Age
12:35 Wheelbarrow
14:05 Scale Mail Armor
14:29 Forging
15:17 Arson
22:06 Horse Collar
23:44 Double-Bit Axe
27:48 Castle Age
28:46 Hand Cart
28:45 Bow Saw
32:29 Imperial Age
30:26 Town Watch
32:19 Husbandry
32:45 Cavalier
33:37 Scale Barding Armor
33:46 Bloodlines
33:32 Gold Mining
33:48 Heavy Plow
35:19 Chain Barding Armor
37:42 Iron Casting
Merrick
3:04 Loom
12:02 Feudal Age
16:53 Castle Age
16:41 Double-Bit Axe
20:03 Horse Collar
20:48 Stone Mining
26:34 Gold Mining
30:48 Heavy Plow
Connection lost

Rejoining the realm…

Still unreachable

The connection could not be restored.

Session expired

The server has moved on; the page needs a fresh start.